 Dungeon Crawl Stone Soup version 0.29.1-15-g9cfb28693d (webtiles) character file.

Game seed: 1272405083028847804

55 Heoruswealwe the Magician (level 3, 0/19 HPs)
             Began as a Deep Elf Earth Elementalist on Apr 19, 2023.
             Was an Initiate of Gozag.
             Slain by a bat (1 damage)
             ... on level 2 of the Dungeon.
             The game lasted 00:08:38 (838 turns).

Heoruswealwe the Magician (DEEE)                     Turns: 838, Time: 00:08:39

Health: 0/19       AC:  3    Str:  5    XL:     3   Next: 67%
Magic:  1/10       EV: 12    Int: 21    God:    Gozag
Gold:   77         SH:  0    Dex: 15    Spells: 7/10 levels left

rFire   . . .      SeeInvis .   b - +1 dagger (vamp)
rCold   . . .      Faith    .   (no shield)
rNeg    . . .      Spirit   .   c - +0 robe
rPois   .          Reflect  .   (no helmet)
rElec   .          Harm     .   (no cloak)
rCorr   .          Rampage  .   f - +0 pair of gloves
Will    .....                   (no boots)
Stlth   ++........              (no amulet)
HPRegen 0.06/turn               (no ring)
MPRegen 0.12/turn               (no ring)

@: no status effects
A: no striking features
a: Renounce Religion, Potion Petition, Call Merchant, Bribe Branch


You were on level 2 of the Dungeon.
You worshipped Gozag.
Gozag was noncommittal.
You visited 1 branch of the dungeon, and saw 2 of its levels.

You collected 77 gold pieces.

Inventory:

Hand Weapons
 b - a +1 vampiric dagger (weapon)
Armour
 c - a +0 robe (worn)
 d - a +0 robe
 f - a +0 pair of gloves (worn)
Scrolls
 a - a scroll of poison {unknown}
 i - a scroll of enchant armour {unknown}
 j - a scroll of identify {unknown}
 k - a scroll of blinking {unknown}
Potions
 e - a potion of berserk rage {unknown}
 g - a potion of degeneration {unknown}
 h - a potion of magic


   Skills:
 - Level 2.4 Dodging
 - Level 2.4 Stealth
 + Level 4.4 Spellcasting
 - Level 1.1 Transmutations
 + Level 4.3 Earth Magic


You had 7 spell levels left.
You knew the following spells:

 Your Spells              Type           Power      Damage    Failure   Level
a - Sandblast             Erth           44%        2d11      1%          1
z - Passwall              Tmut/Erth      13%        N/A       5%          2

Your spell library contained the following spells:

 Spells                   Type           Power      Damage    Failure   Level
 Stone Arrow              Conj/Erth      26%        3d8       14%         3
 Call Canine Familiar     Summ           4%         N/A       34%         3
 Portal Projectile        Hex/Tloc       8%         N/A       34%         3
 Petrify                  Tmut/Erth      16%        N/A       36%         4
 Leda's Liquefaction      Hex/Erth       6%         N/A       43%         4


Dungeon Overview and Level Annotations

Branches:
Dungeon (2/15)

Altars:
Gozag


Message History

Found a stone staircase leading up.
A bat comes into view.
The gnoll moves out of view.
The blast of sand hits the gnoll!
The gnoll is heavily wounded.
The blast of sand hits the gnoll.
The gnoll is severely wounded.
The blast of sand hits the gnoll!
You kill the gnoll!
Your Spellcasting skill increases to level 4!
Your Earth Magic skill increases to level 4!
You have reached level 3!
Your experience leads to an increase in your attributes!
Increase (S)trength, (I)ntelligence, or (D)exterity?
You feel clever. x2
The blast of sand hits the adder!
The adder is severely wounded.
You hear a shout! x2
The blast of sand hits the adder.
The adder is almost dead.
The adder is distracted by your dazzling golden aura.
The blast of sand hits the adder!
You kill the adder!
The blast of sand hits the gnoll!
The gnoll is almost dead.
The gnoll misses you. The gnoll closely misses you.
The blast of sand hits the gnoll!
You kill the gnoll!
The bat is distracted by your dazzling golden aura.
The blast of sand hits the gnoll.
The gnoll is moderately wounded.
The bat is no longer distracted by gold.
The gnoll hits you with a +0 flail!
Ouch! That really hurt!
The gnoll attacks as you move away! The gnoll hits you with a +0 flail!
* * * LOW HITPOINT WARNING * * *
The gnoll attacks as you move away! The gnoll closely misses you.
The bat hits you.
You die...
Your body crumbles into a pile of gold.

######### #....>..#
##### #.......#
##...##
#.......###.###.######
#....@b...$.# #.......
#....~~g~##$###...#.##
#....~≈≈~##.....#...#
#...~~≈≈~##.#>#...#.#
####~≈≈~~##.#.##.##...
#~~≈≈~###.#.g .g# #.
#~≈≈~~# #.####...S .
##~≈≈~## #.# .##.#
#~~≈≈~.# #.. .. .g<


You could see a gnoll and a bat.

Vanquished Creatures
  2 gnolls (D:2)
  An adder (D:2)
  A dart slug (D:1)
  5 bats (D:1)
  2 goblins (D:1)
  3 hobgoblins (D:1)
  A kobold (D:1)
  3 quokkas (D:1)
  2 frilled lizards (D:1)
  4 rats (D:1)
24 creatures vanquished.

Notes
Turn   | Place    | Note
-------+----------+-------------------------------------------
     0 | D:1      | Heoruswealwe the Deep Elf Earth Elementalist began the
                  | quest for the Orb.
     0 | D:1      | Reached XP level 1. HP: 10/10 MP: 6/6
    53 | D:1      | Reached XP level 2. HP: 15/15 MP: 0/8
    56 | D:1      | Learned a level 2 spell: Passwall
   331 | D:1      | Found a faded altar of an unknown god.
   405 | D:1      | Prayed at the altar of an unknown god.
   405 | D:1      | Became a worshipper of Gozag Ym Sagoz the Greedy
   829 | D:2      | Reached XP level 3. HP: 19/19 MP: 5/10
   838 | D:2      | Slain by a bat

Illustrated notes

Levels and vault maps discovered:
D:1:      scummos_arrival_simple_fountains, layout_rooms,
          shapermc_ecumenical_altar_totnotflames, minmay_door_square,
          minmay_misc_feat_cross
D:2:      wander_river, layout_loops_ring, serial_shops,
          nicolae_shop_overgrown_old_shop

Skill      XL: |  1  2 |
---------------+-------+-----
Spellcasting   | 4 |  4.4
Earth Magic    | 4 |  4.3
Dodging        | |  2.4
Stealth        | |  2.4
Transmutations | |  1.1

Action                   || total
-------------------------++-------
 Cast: Sandblast         ||    34
Armor: Robe              ||     1
Dodge: Dodged            ||     7
